Map: Abyssal Reef LE

Players

Yata

  • Race: Zerg Zerg
  • League: Platinum
  • Spawn Location: 11:00

SugarMonster - Winner!

  • Race: Protoss Protoss
  • League: Platinum
  • Spawn Location: 5:00

VOD

Have the link to the VOD?

Description

Time

  • Played on: Sept. 15, 2017, 9:35 p.m.
  • Length: 16:39
Show
View Real Time Build Order
Export as new Build Order

Yata Zerg 

Build Orders: Hatch First 

Get SALT Encoding   

  12  0:01  Drone  
  13  0:13  Overlord  
  13  0:22  Drone  
  14  0:31  Drone x2  
  16  0:36  Drone  
  17  0:56  Hatchery, Drone  
  17  1:03  Drone  
  18  1:10  Extractor  
  17  1:17  Spawning Pool  
  16  1:19  Drone  
  16  1:22  Drone  
  18  1:28  Drone  
  19  1:44  Overlord  
  19  1:52  Drone  
  20  2:01  Drone  
  20  2:04  Queen  
  23  2:09  Queen  
  23  2:13  Zergling x4  
  23  2:15  Metabolic Boost  
  27  2:20  Drone  
  28  2:27  Drone  
  29  2:36  Baneling Nest  
  28  2:38  Drone x2  
  28  2:40  Overlord  
  30  2:50  Drone  
  31  2:51  Evolution Chamber  
  31  2:55  Drone  
  31  2:57  Drone  
  32  3:15  Queen  
  32  3:18  Drone x6  
  32  3:19  Drone  
  41  3:24  Overlord  
  41  3:47  Drone x4  
  41  3:48  Drone  
  46  3:52  Hatchery, Queen  
  46  3:54  Baneling  
  46  3:55  Baneling x2  
  47  3:56  Baneling  
  47  4:12  Extractor x2  
  47  4:14  Drone  
  46  4:17  Drone x2  
  46  4:20  Drone x3  
  46  4:21  Overlord  
  46  4:22  Overlord  
  51  4:31  Pneumatized Carapace  
  39  4:54  Spore Crawler  
  34  5:02  Drone x6  
  34  5:03  Drone x7  
  47  5:08  Drone x2  
  49  5:17  Spore Crawler  
  48  5:26  Queen  
  50  5:33  Spore Crawler  
  46  6:06  Lair  
  46  6:12  Zergling x22  
  46  6:13  Zergling x18  
  66  6:28  Zerg Missile Weapons Level 1  
  66  6:33  Overlord x2  
  66  6:34  Overlord  
  66  6:48  Overlord x2  
  66  6:49  Overlord  
  66  6:51  Queen x2  
  70  7:04  Hydralisk Den  
  70  7:08  Drone x15  
  75  7:09  Drone  
  73  7:34  Zergling x2  
  73  7:35  Zergling x6  
  70  7:40  Queen  
  70  7:41  Queen x2  
  76  7:49  Hydralisk x7  
  90  8:03  Hydralisk  
  90  8:04  Hydralisk x5  
  102  8:16  Muscular Augments  
  101  8:20  Extractor  
  96  8:31  Zerg Ground Armor Level 1  
  96  8:36  Evolution Chamber  
  96  8:38  Hydralisk x5  
  105  8:54  Overlord x3  
  105  8:55  Overlord  
  105  9:28  Queen  
  105  9:29  Queen x2  
  105  9:30  Overlord x2  
  105  9:31  Overlord, Hatchery  
  110  9:33  Zergling x8  
  114  9:41  Spire  
  114  9:53  Hatchery  
  113  10:14  Overlord x3  
  113  10:21  Hydralisk  
  113  10:22  Hydralisk x3  
  121  10:30  Zerg Missile Weapons Level 2, Zerg Ground Armor Level 2  
  121  10:36  Infestation Pit  
  120  10:44  Hydralisk x13  
  120  10:49  Overlord x4  
  140  11:15  Infestor x3  
  146  11:18  Hydralisk  
  146  11:23  Zergling x8  
  146  11:24  Zergling x6  
  131  11:40  Hydralisk  
  131  11:41  Hydralisk x4  
  131  11:46  Zergling x2  
  144  11:47  Zergling x12  
  140  12:00  Hydralisk  
  140  12:01  Hydralisk x4  
  126  12:44  Hydralisk  
  126  12:45  Hydralisk x8  
  139  13:02  Corruptor  
  139  13:03  Corruptor  
  136  13:14  Corruptor  
  136  13:26  Extractor  
  133  13:30  Corruptor x2  
  137  13:35  Extractor  
  136  13:54  Corruptor x2  
  121  14:17  Corruptor x3  
  116  14:32  Corruptor  
  116  14:33  Corruptor  
  114  14:55  Infestor x2  
  114  14:58  Corruptor  
  120  15:01  Zergling x24  
  132  15:14  Hydralisk  
  132  15:15  Hydralisk x3  
  112  15:41  Hydralisk x5  
  112  15:42  Hydralisk x2  
  106  16:12  Hydralisk  
  106  16:13  Hydralisk x8  
Show
View Real Time Build Order
Export as new Build Order

SugarMonster Protoss - Winner!

Build Orders: 1 Gate Expand, Oracle Opening 

Get SALT Encoding   

  12  0:04  Probe (Chrono Boost)  
  13  0:14  Probe (Chrono Boost)  
  14  0:23  Pylon  
  14  0:30  Probe (Chrono Boost)  
  15  0:41  Probe (Chrono Boost)  
  16  0:44  Assimilator  
  16  0:51  Probe (Chrono Boost)  
  16  0:57  Gateway  
  17  1:09  Probe (Chrono Boost)  
  18  1:19  Probe (Chrono Boost)  
  19  1:30  Probe (Chrono Boost)  
  20  1:44  Nexus  
  20  1:48  Pylon  
  20  1:56  Cybernetics Core  
  20  1:58  Pylon  
  20  2:02  Probe (Chrono Boost)  
  20  2:04  Assimilator  
  21  2:29  Probe (Chrono Boost)  
  22  2:46  Stargate  
  22  2:47  Mothership Core (Chrono Boost)  
  24  2:57  Gateway  
  24  2:59  Probe (Chrono Boost)  
  24  3:03  Adept (Chrono Boost)  
  27  3:09  Probe  
  28  3:15  Warp Gate  
  28  3:19  Probe  
  28  3:25  Probe  
  30  3:30  Probe  
  30  3:32  Adept (Chrono Boost)  
  33  3:34  Oracle (Chrono Boost)  
  33  3:40  Probe  
  37  3:51  Probe  
  37  3:53  Forge  
  38  3:55  Pylon  
  38  4:00  Pylon  
  38  4:01  Probe  
  39  4:12  Probe  
  39  4:15  Oracle (Chrono Boost)  
  43  4:22  Stargate  
  43  4:27  Pylon  
  43  4:31  Probe  
  43  4:37  Assimilator  
  44  4:41  Assimilator, Probe  
  45  4:52  Probe  
  37  4:56  Probe  
  37  5:02  Probe  
  38  5:08  Probe  
  38  5:11  Phoenix (Chrono Boost)  
  38  5:13  Probe  
  43  5:14  Phoenix (Chrono Boost)  
  43  5:20  Probe  
  45  5:24  Probe  
  46  5:33  Probe  
  46  5:34  Probe  
  48  5:45  Probe  
  49  5:52  Probe  
  51  5:57  Probe  
  51  6:03  Probe  
  51  6:09  Probe  
  51  6:10  Oracle (Chrono Boost)  
  59  6:14  Probe  
  59  6:15  Oracle (Chrono Boost)  
  59  6:16  Pylon  
  60  6:21  Probe  
  60  6:24  Probe  
  61  6:32  Nexus  
  62  6:33  Probe  
  62  6:35  Probe  
  64  6:41  Oracle (Chrono Boost)  
  64  6:45  Probe  
  68  6:48  Fleet Beacon  
  68  6:50  Pylon  
  58  7:42  Probe  
  59  7:48  Pylon  
  59  7:54  Probe  
  60  7:59  Nexus  
  60  8:01  Graviton Catapult  
  60  8:02  Pylon  
  60  8:04  Carrier (Chrono Boost)  
  60  8:05  Pylon  
  72  8:06  Probe  
  72  8:07  Pylon  
  72  8:09  Pylon  
  72  8:10  Pylon  
  73  8:16  Carrier (Chrono Boost)  
  73  8:18  Probe  
  74  8:29  Pylon  
  74  8:46  Pylon  
  74  8:48  Pylon  
  74  9:22  Carrier (Chrono Boost), Probe  
  81  9:26  Assimilator  
  81  9:30  Assimilator  
  87  9:32  Probe  
  88  9:41  Carrier (Chrono Boost)  
  88  9:43  Probe  
  74  9:53  Probe  
  75  10:04  Probe  
  82  10:15  Probe  
  81  10:25  Probe  
  82  10:32  Protoss Air Weapons Level 1  
  82  10:33  Stargate  
  82  10:36  Probe  
  82  10:37  Carrier (Chrono Boost)  
  89  10:46  Probe  
  96  10:57  Probe  
  97  11:07  Carrier (Chrono Boost), Probe  
  98  11:18  Probe  
  99  11:28  Probe  
  100  11:39  Probe  
  99  11:50  Mothership Core  
  99  11:52  Carrier (Chrono Boost)  
  101  11:58  Pylon  
  83  12:30  Nexus  
  80  12:47  Carrier (Chrono Boost)  
  89  12:58  Carrier (Chrono Boost)  
  90  13:18  Carrier (Chrono Boost)  
  90  13:39  Nexus  
  90  13:43  Pylon  
  90  13:51  Mothership Core  
  92  13:56  Nexus  
  92  14:01  Carrier (Chrono Boost)  
  92  14:11  Assimilator  
  98  14:24  Carrier (Chrono Boost)  
  104  14:52  Probe  
  105  15:03  Probe  
  106  15:13  Probe  
  106  15:18  Carrier (Chrono Boost)  
  119  15:24  Probe  
  120  15:35  Probe  
  113  15:45  Probe  
  106  15:57  Probe  
  107  16:07  Probe  
  108  16:13  Mothership Core  
  108  16:18  Probe  
  110  16:22  Pylon  
  110  16:23  Probe  
  110  16:25  Pylon  
  112  16:26  Pylon  
  112  16:28  Pylon  
Tags
 
Add a new tag
Caveats
  • Supply blocks, unpowered buildings, or Contaminate may cause inaccurate times.
  • Supply counts are checked every 10 seconds.